 Dungeon Crawl Stone Soup version 0.20.1-1-g8b1a95d (webtiles) character file.

5015 dohliylev the Jinx (level 10, -8/66 (67) HPs)
             Began as a Vampire Enchanter on Dec 15, 2017.
             Was a Priest of Makhleb.
             Mangled by a killer bee (10 damage)
             ... on level 11 of the Dungeon.
             The game lasted 00:44:35 (10109 turns).

dohliylev the Jinx (Vampire Enchanter)             Turns: 10109, Time: 00:44:36

HP:   -8/66 (67)    AC:  0    Str:  7    XL:     10   Next: 30%
MP:   11/17         EV: 30    Int: 25    God:    Makhleb [***...]
Gold: 323           SH:  0    Dex: 23    Spells: 10/19 levels left

rFire    + . .     SeeInvis +   (weapon currently unavailable)
rCold    + . .     Gourm    .   (shield currently unavailable)
rNeg     + . .     Faith    .   (armour currently unavailable)
rPois    +         Spirit   .   (helmet currently unavailable)
rElec    +         Reflect  .   (cloak currently unavailable)
rCorr    +         Harm     .   (gloves currently unavailable)
MR       ++...                  (boots currently unavailable)
Stlth    ++++++....             C - amulet of magic regeneration
Regen    0.3/turn               (ring currently unavailable)
MPRegen  0.3/turn               (ring currently unavailable)

@: brilliant, lethally poisoned (-8 -> -14), about to teleport, bat-form,
resistant, flying, very quick
A: fangs 3, see invisible, clever 1, magic resistance 1
a: End Transformation, Minor Destruction, Lesser Servant of Makhleb, Renounce
Religion


You were on level 11 of the Dungeon.
You worshipped Makhleb.
Makhleb was most pleased with you.
You were not thirsty.
You were in vampire-bat-form.
You visited 2 branches of the dungeon, and saw 12 of its levels.

You collected 590 gold pieces.
You spent 267 gold pieces at shops.

Inventory:

Hand Weapons
 a - a +1 dagger (melded)
Armour
 n - a +0 cloak (melded)
 u - the +2 helmet "Toplont" (melded) {Dex+3}
   (You found it on level 5 of the Dungeon)

   It affects your dexterity (+3).
 w - the cursed +0 robe of Spring (melded) {rElec rN+ Str+4}
   (You bought it in a shop on level 6 of the Dungeon)

   It affects your strength (+4).
   It insulates you from electricity.
   It protects you from negative energy.
   It has a curse placed upon it.
 E - a cursed +0 pair of gloves (melded)
 K - a +0 pair of boots (melded)
Jewellery
 b - a ring of wizardry (melded)
 o - an uncursed ring of fire
 C - an amulet of magic regeneration (around neck)
 F - a ring of resist corrosion (melded)
Wands
 x - a wand of confusion (20/48)
 H - a wand of polymorph (9/24)
Scrolls
 f - a scroll of holy word {unknown}
 g - 2 scrolls of amnesia
 j - 7 scrolls of remove curse
 k - 3 scrolls of magic mapping
 l - 2 scrolls of enchant weapon
 m - a scroll of enchant armour {unknown}
 p - 4 scrolls of teleportation
 v - a scroll of fog {unknown}
 y - a scroll of fear {unknown}
 B - a scroll of random uselessness {unknown}
 G - a scroll of noise {unknown}
 I - a scroll of acquirement {unknown}
 J - a scroll of recharging {unknown}
Potions
 d - 5 potions of blood
 e - 3 potions of agility
 s - 2 potions of brilliance
 t - 2 potions of haste
 z - 5 potions of might
Books
 c - a book of Maledictions

   Spells                             Type                      Level
   a - Corona                         Hexes                        1
   b - Ensorcelled Hibernation        Hexes/Ice                    2
   c - Confuse                        Hexes                        3
   d - Tukima's Dance                 Hexes                        3
   e - Dazzling Spray                 Conjuration/Hexes            3
 D - a book of Flames

   Spells                             Type                      Level
   a - Flame Tongue                   Conjuration/Fire             1
   b - Throw Flame                    Conjuration/Fire             2
   c - Conjure Flame                  Conjuration/Fire             3
   d - Inner Flame                    Hexes/Fire                   3
   e - Sticky Flame                   Conjuration/Fire             4
   f - Fireball                       Conjuration/Fire             5


   Skills:
 - Level 2.0 Fighting
 - Level 1.1 Short Blades
 - Level 0.2 Throwing
 - Level 0.2 Armour
 - Level 9.0 Dodging
 - Level 8.0 Stealth
 + Level 5.1 Spellcasting
 - Level 9.2 Hexes
 - Level 0.4 Ice Magic
 - Level 8.3 Invocations


You had 10 spell levels left.
You knew the following spells:

 Your Spells              Type           Power        Failure   Level  Hunger
a - Corona                Hex            ######.      1%          1    None
b - Ensorcelled Hibernat  Hex/Ice        #####.       1%          2    None
c - Confuse               Hex            ######..     1%          3    ##.....
d - Tukima's Dance        Hex            ######..     1%          3    ##.....


Dungeon Overview and Level Annotations

Branches:
Dungeon (11/15)            Temple (1/1) D:4            Lair (0/6) D:8
    Orc: D:9-12

Altars:
Ashenzari
Cheibriados
Dithmenos
Elyvilon
Fedhas
Gozag
Hepliaklqana
Kikubaaqudgha
Makhleb
Nemelex Xobeh
Okawaru
Qazlal
Ru
Sif Muna
Trog
Uskayaw
Vehumet
Xom
Yredelemnul
Zin
The Shining One

Shops:
D:6 [}=[[

Portals:
Labyrinth: D:11


Innate Abilities, Weirdness & Mutations

You have razor-sharp teeth.
You have supernaturally acute eyesight. (SInv)
((You can survive without breathing.))
Your mind is acute. (Int +2)
You are resistant to hostile enchantments. (MR+)


Message History

It was a potion of resistance.
You feel protected.
You feel sick. The killer bee stings you!
* * * LOW HITPOINT WARNING * * *
Your neqoxec barely misses the killer bee.
The killer bee closely misses you.
As you read the scroll of teleportation, it crumbles to dust.
You feel strangely unstable.
* * * LOW HITPOINT WARNING * * *
You feel sick. The killer bee completely misses you.
Your neqoxec gestures.
The killer bee completely misses you.
You swap places.
* * * LOW HITPOINT WARNING * * *
You feel sick.
There is a stone staircase leading up here.
* * * LOW HITPOINT WARNING * * *
You feel sick.
Yummy - fresh blood!
The killer bee stings you!
You die...

..... .........# #
.........#########.#
...................#
..................#
..................#
.h.∩..............#
..........3yb.....#
.h.....<.55.......#
...(..........###.#
..............?...
.........#........
.........#........#
.........#.......##
.........#........
.........#...##+#.


You could see a killer bee, a friendly neqoxec, a friendly iron imp and a
friendly crimson imp.

Vanquished Creatures
  A troll (D:10)
  A hippogriff (D:6)
  Eustachio (D:5)
  A hungry ghost (D:8)
  Edmund (D:4)
  2 hell hounds (D:8)
  A sky beast (D:7)
  5 ice beasts
  2 black bears
  2 necrophages
  3 ogres
  A phantom (D:10)
  2 centaurs
  8 bullfrogs
  A scorpion (D:5)
  8 wights
  2 howler monkeys
  2 crimson imps
  3 hounds
  A quasit (D:5)
  2 bullfrog skeletons (D:9)
  A jelly (D:5)
  2 centaur skeletons
  2 gnoll shamans
  2 orc priests
  2 orc wizards (D:6)
  6 iguanas
  4 worker ants
  16 gnolls
  A howler monkey zombie (D:7)
  12 adders
  2 shadow imps
  An ooze (D:3)
  3 adder zombies
  An adder skeleton (D:9)
  4 worms
  A dart slug (D:1)
  3 leopard geckos
  13 orcs
  4 giant cockroaches
  9 goblins
  3 hobgoblins
  8 jackals
  3 quokkas
  9 bats
  3 frilled lizards
  A jackal skeleton (D:5)
  6 kobolds
  A quokka skeleton (D:6)
  6 rats
179 creatures vanquished.

Vanquished Creatures (collateral kills)
  A wyvern (D:8)
  An orc warrior (D:8)
  A phantom (D:8)
  A scorpion (D:8)
  An orc priest (D:9)
  2 orc wizards
  An iguana (D:8)
  2 gnolls
  2 orcs (D:9)
12 creatures vanquished.

Vanquished Creatures (others)
  A dancing weapon (D:5)
1 creature vanquished.

Grand Total: 192 creatures vanquished

Notes
Turn   | Place    | Note
-------+----------+-------------------------------------------
     0 | D:1      | dohliylev the Vampire Enchanter began the quest for the Orb.
     0 | D:1      | Reached XP level 1. HP: 13/13 MP: 3/3
    61 | D:1      | Reached skill level 5 in Stealth
   150 | D:1      | Reached XP level 2. HP: 19/19 MP: 5/5
   391 | D:1      | Learned a level 2 spell: Ensorcelled Hibernation
   834 | D:2      | Reached XP level 3. HP: 22/25 MP: 3/6
  1586 | D:3      | Reached XP level 4. HP: 22/31 MP: 0/7
  2171 | D:4      | Found a staircase to the Ecumenical Temple.
  2178 | Temple   | Entered the Ecumenical Temple
  2194 | Temple   | Became a worshipper of Makhleb the Destroyer
  2762 | D:4      | Reached XP level 5. HP: 18/36 MP: 3/8
  3102 | D:4      | Noticed Edmund
  3158 | D:4      | Learned a level 3 spell: Confuse
  3225 | D:4      | Killed Edmund
  3225 | D:4      | Reached skill level 1 in Fighting
  3225 | D:4      | Reached XP level 6. HP: 40/44 MP: 0/9
  3721 | D:5      | Entered Level 5 of the Dungeon
  3813 | D:5      | Reached skill level 5 in Dodging
  3911 | D:5      | Got a spiked helmet
  3932 | D:5      | Identified the +2 helmet "Toplont" {Dex+3} (You found it on level 5 of the Dungeon)
  3958 | D:5      | Found a shattered altar of Ashenzari.
  4016 | D:5      | Reached XP level 7. HP: 49/49 MP: 0/10
  4355 | D:5      | Learned a level 3 spell: Tukima's Dance
  4564 | D:5      | Reached * piety under Makhleb
  4614 | D:5      | Noticed Eustachio
  4642 | D:5      | Killed Eustachio
  4847 | D:6      | Found Demuing's Jewellery Emporium.
  4978 | D:6      | Found Leezip's Antique Armour Emporium.
  4984 | D:6      | Reached XP level 8. HP: 55/55 MP: 8/11
  5066 | D:6      | Reached skill level 1 in Invocations
  5209 | D:6      | Reached ** piety under Makhleb
  5267 | D:6      | Found Faisuuc's Armour Boutique.
  5440 | D:6      | Found Qocadiz's Armour Shoppe.
  5464 | D:6      | Bought the cursed +0 robe of Spring {rElec rN+ Str+4} for 267 gold pieces
  5485 | D:6      | Found Niygugakh's Gadget Shoppe.
  5927 | D:7      | Reached skill level 5 in Invocations
  6117 | D:7      | Noticed a hippogriff
  6293 | D:6      | Killed a hippogriff
  6293 | D:6      | Reached XP level 9. HP: 41/60 MP: 2/13
  7728 | D:7      | Reached skill level 5 in Hexes
  7880 | D:8      | Reached *** piety under Makhleb
  7955 | D:8      | Found a staircase to the Lair.
  8522 | D:9      | Reached XP level 10. HP: 66/66 MP: 16/16
  9118 | D:9      | Found a bloodstained altar of Trog.
  9118 | D:9      | Found an opulent altar of Gozag.
  9445 | D:9      | Found a glowing silver altar of Zin.
  9448 | D:9      | Found a stormy altar of Qazlal.
  9451 | D:9      | Found a shattered altar of Ashenzari.
  9716 | D:10     | Entered Level 10 of the Dungeon
 10041 | D:10     | Reached skill level 5 in Spellcasting
 10097 | D:11     | Found a labyrinth entrance.
 10104 | D:11     | Gained mutation: Your mind is acute. (Int +2) [potion of mutation]
 10104 | D:11     | Gained mutation: You are resistant to hostile enchantments. (MR+) [potion of mutation]
 10107 | D:11     | HP: 3/66 [poisoned by a killer bee]
 10109 | D:11     | Mangled by a killer bee

Skill      XL: |  1  2  3  4  5  6  7  8  9 10 |
---------------+-------------------------------+-----
Stealth        | 5 6 7 8 |  8.0
Dodging        | 3 4 6 8 9 |  9.0
Fighting       | 1 2 |  2.0
Invocations    | 6 8 |  8.3
Hexes          | 9 |  9.2
Spellcasting   | 5 |  5.1
Short Blades   | |  1.1
Throwing       | |  0.2
Armour         | |  0.2
Ice Magic      | |  0.4

Action                   |  1- 3 |  4- 6 |  7- 9 | 10-12 || total
-------------------------+-------+-------+-------+-------++-------
Melee: Dagger            |   127 |    83 |   188 |    50 ||   448
       Bite              |     5 |     5 |    17 |     7 ||    34
 Cast: Ensorcelled Hiber |    20 |    32 |    82 |    16 ||   150
       Corona            |     2 |     7 |     6 |       ||    15
       Confuse           |       |     7 |    27 |     9 ||    43
       Tukima's Dance    |       |       |    12 |       ||    12
Invok: Minor Destruction |       |       |    50 |    11 ||    61
       Lesser Servant of |       |       |     1 |     4 ||     5
 Abil: Bat Form          |     1 |     1 |     2 |     1 ||     5
       End Transformatio |     1 |     1 |     2 |       ||     4
  Use: Potion            |       |     4 |     5 |     5 ||    14
       Scroll            |       |     1 |     1 |     8 ||    10
 Stab: Sleeping          |    24 |    26 |    55 |     8 ||   113
       Confused          |       |     3 |    20 |     9 ||    32
       Distracted        |       |       |     1 |       ||     1
  Eat: Corpse            |     7 |     9 |    18 |     4 ||    38
Armor: Robe              |    47 |     6 |    27 |     5 ||    85
       Skin              |       |     5 |       |       ||     5
Dodge: Dodged            |   131 |    35 |   229 |    67 ||   462
